 Seeded DCSS version 0.31-a0-1338-gb567cfdca4 (webtiles) character file.

Game seed: 3289629385157869090 (custom seed)

4368 porpoise the Basher (level 10, -3/69 (72) HPs)
             Began as an Armataur Fighter on Dec 22, 2023.
             Was a Follower of Hepliaklqana.
             Slain by a wight
             ... wielding a +3 halberd of freezing
              (17 damage)
             ... on level 8 of the Dungeon.
             The game lasted 00:24:55 (7316 turns).

porpoise the Basher (Armataur Fighter)              Turns: 7316, Time: 00:24:55

HP:   -3/69 (72)    AC: 16    Str: 26    XL:     10   Next: 13%
MP:   12/12         EV:  7    Int:  8    God:    Hepliaklqana [*.....]
Gold: 159           SH:  5    Dex: 10    Spells: 9/9 levels left

rFire   . . .        a - +1 flail
rCold   . . .        b - +0 buckler
rNeg    . . .        d - +2 chain mail {Will+}
rPois   .            t - +0 helmet
rElec   .            (no cloak)
rCorr   .            (no gloves)
SInv    .            (no barding)
Will    +....        (no amulet) Stlth
                     j - +4 ring of slaying
HPRegen 1.61/turn    p - +4 ring of protection
MPRegen 0.79/turn

%: roll
@: lightly drained
A: reduced essence, large, deformed body, tough skin 3, armoured tail, roll 2
a: Renounce Religion, Recall Ancestor, Ancestor Identity


You were on level 8 of the Dungeon.
You worshipped Hepliaklqana.
Hepliaklqana was aware of your devotion.
You visited 2 branches of the dungeon, and saw 9 of its levels.
You also visited: Ossuary.

You collected 294 gold pieces.
You spent 135 gold pieces at shops.

Inventory:

Hand Weapons
 a - a +1 flail (weapon)
 c - a +0 orcbow
Missiles
 k - 32 poisoned darts (quivered)
 s - 2 javelins
Armour
 b - a +0 buckler (worn)
 d - a +2 chain mail of willpower (worn)
 t - a +0 helmet (worn)
 y - +0 steam dragon scales
 F - a +1 ring mail of positive energy
Jewellery
 e - a ring of magical power
 g - a ring of see invisible
 j - a +4 ring of slaying (left hand)
 p - a +4 ring of protection (right hand)
 q - a ring of ice
 H - a ring of protection from cold
Wands
 v - a wand of polymorph (15)
 B - a wand of digging (8)
 I - a wand of mindburst (7)
Scrolls
 f - 3 scrolls of teleportation
 i - 2 scrolls of fear
 m - 2 scrolls of enchant weapon
 n - 3 scrolls of fog
 w - a scroll of vulnerability
 A - a scroll of torment
 C - a scroll of immolation
 D - a scroll of poison
 E - 5 scrolls of identify
Potions
 h - 3 potions of cancellation
 l - a potion of lignification
 o - a potion of mutation
 r - a potion of haste
 u - 3 potions of brilliance
 x - a potion of heal wounds
 z - a potion of might
 G - a potion of curing


   Skills:
 - Level 5.0 Fighting
 * Level 11.2 Maces & Flails
 - Level 7.0 Armour
 + Level 1.3 Dodging
 - Level 5.0 Shields
 + Level 3.1 Invocations


You had 9 spell levels left.
You didn't know any spells.
Your spell library was empty.

Dungeon Overview and Level Annotations

Branches:
Dungeon (8/15)             Temple (1/1) D:6         Ossuary (visited)
   Lair: D:8-11

Altars:
Ashenzari
Cheibriados
Dithmenos
Fedhas
Gozag
Hepliaklqana
Kikubaaqudgha
Makhleb
Nemelex Xobeh
Qazlal
Ru
Sif Muna
Trog
Uskayaw
Vehumet
Wu Jian
Xom
Yredelemnul
Zin

Shops:
D:1 =   D:7 [[![


Innate Abilities, Weirdness & Mutations

Your life essence is reduced to manifest your ancestor. (-10% HP)
Armour fits poorly on your strangely shaped body.
You have extremely tough skin. (AC +3)
You have a long armoured tail.
You regenerate magic and health when rolling toward enemies. (Rampage Regen)


Message History

The wight hits you with a +4 scimitar!
Nikki hits the wight!
You hit the wight. You tail-slap the wight.
You destroy the wight!
The wight hits Nikki with a +2 war axe!
The wight hits you but does no damage. x2
The wight hits you from afar with a +3 halberd of freezing.
You feel drained. The wight freezes you.
Nikki hits the wight.
The wight barely misses Nikki.
The wight hits you but does no damage. The wight attacks as it pursues you!
The wight hits you from afar with a +3 halberd of freezing.
The wight freezes you.
Nikki barely misses the wight.
The wight hits Nikki with a +2 war axe!
The wight closely misses you. The wight attacks as it pursues you!
The wight hits you but does no damage.
Nikki closely misses the wight.
The wight hits Nikki with a +2 war axe.
The wight attacks as it pursues you! The wight hits you with a +4 scimitar.
You feel drained.
Nikki completely misses the wight.
The wight misses Nikki.
The wight attacks as it pursues you! The wight barely misses you.
Nikki hits the wight!
The wight is destroyed!
You sock the wight!
The wight is almost destroyed.
The wight hits you with a +4 scimitar. You block the wight's attack.
You sock the wight!
You destroy the wight!
The wight hits you from afar with a +0 trident.
Nikki hits the wight.
You roll towards the wight!
You sock the wight!
The wight is severely damaged.
The wight closely misses you. The wight hits you with a +0 trident.
You barely miss the wight.
Nikki hits the wight.
The wight barely misses you. The wight hits you but does no damage.
You closely miss the wight.
Nikki hits the wight.
The wight is destroyed!
The wight hits you with a +3 halberd of freezing!
* * * LOW HITPOINT WARNING * * *
The wight freezes you.
* * * LOW HITPOINT WARNING * * *
You barely miss the wight.
Nikki hits the wight.
The wight hits you with a +3 halberd of freezing!
You die...

..............#
......>......#
.............##
...............
.....).)....#
..[.......#
#.....R.).#
#.....)z###
#.....#@)##
#.######..# # #.>#
##..##8...8####
##...##.....##.#
#....#8.....8#.#
#....##.....##.#
#....##8...8##.####
#....# ##>## #.....


You could see the friendly Nikki the ancestor and a wight (ally target).

Vanquished Creatures
  Joseph (D:8)
  Grinder (D:3)
  A hornet (D:7)
  Menkaure (D:7)
  A steam dragon (D:7)
  2 ice beasts
  2 sky beasts
  An orc warrior (D:7)
  3 centaurs
  An ogre (D:6)
  3 phantoms
  2 elephant zombies (D:6)
  An elf zombie (D:6)
  2 kobold brigands (D:7)
  2 bullfrogs
  2 scorpions
  3 wights
  A howler monkey (D:6)
  An electric eel (D:7)
  A human zombie (D:6)
  5 centaur zombies
  3 orc priests
  A gnoll bouda (D:5)
  2 hounds
  2 sleepcaps
  5 iguanas
  A scorpion zombie (D:6)
  7 orc wizards
  A killer bee zombie (D:6)
  5 hound zombies (D:6)
  6 mummies (Ossuary)
  A howler monkey zombie (D:6)
  5 gnolls (D:5)
  5 adders
  2 shadow imps (D:7)
  4 white imps
  7 ufetubi
  2 adder zombies (D:6)
  2 worms (D:2)
  4 dart slugs
  11 orcs
  9 ball pythons
  5 endoplasms
  2 giant cockroaches (D:3)
  8 goblins
  7 hobgoblins
  2 jackals (D:1)
  7 quokkas
  4 bats
  3 frilled lizards
  6 hobgoblin zombies (Ossuary)
  11 kobolds
  4 rats
181 creatures vanquished.

Vanquished Creatures (collateral kills)
  A water moccasin (D:8)
  A centaur (D:8)
  A kobold brigand (D:7)
  A bullfrog (D:7)
  2 wights (D:8)
  An orc (D:7)
  2 kobolds (D:7)
9 creatures vanquished.

Vanquished Creatures (others)
  An orc (D:7)
1 creature vanquished.

Grand Total: 191 creatures vanquished

Notes
Turn   | Place    | Note
-------+----------+-------------------------------------------
     0 | D:1      | porpoise the Armataur Fighter began the quest for the Orb.
     0 | D:1      | Reached XP level 1. HP: 18/18 MP: 1/1
    61 | D:1      | Reached skill level 2 in Maces & Flails
    76 | D:1      | Reached XP level 2. HP: 23/25 MP: 2/2
   375 | D:1      | Reached XP level 3. HP: 24/31 MP: 3/3
   405 | D:1      | Found Waulos's Jewellery Boutique.
   654 | D:1      | Reached skill level 3 in Maces & Flails
  1312 | D:3      | Reached XP level 4. HP: 25/38 MP: 4/4
  1587 | D:3      | Noticed Grinder
  1596 | D:3      | Killed Grinder
  1597 | D:3      | Reached skill level 5 in Maces & Flails
  1597 | D:3      | Reached XP level 5. HP: 7/46 MP: 5/5
  1597 | D:3      | Reached XP level 6. HP: 8/52 MP: 6/6
  2854 | D:5      | Entered Level 5 of the Dungeon
  3004 | D:5      | Gained mutation: You regenerate magic and health when
                  | rolling toward enemies. (Rampage Regen) [Armataur growth]
  3004 | D:5      | Reached XP level 7. HP: 55/60 MP: 7/7
  3064 | D:5      | Reached skill level 6 in Maces & Flails
  3137 | D:5      | Reached skill level 5 in Fighting
  3608 | D:6      | Found a staircase to the Ecumenical Temple.
  3613 | Temple   | Entered the Ecumenical Temple
  3619 | Temple   | Became a worshipper of Hepliaklqana the Forgotten
  3627 | D:6      | Found a sand-covered staircase.
  3653 | Ossuary  | Entered an ossuary
  3920 | Ossuary  | Reached skill level 7 in Maces & Flails
  4302 | D:6      | Reached XP level 8. HP: 58/68 MP: 8/8
  4352 | D:6      | Reached skill level 5 in Armour
  4629 | D:6      | Found an ancient bone altar of Kikubaaqudgha.
  4653 | D:6      | Reached skill level 8 in Maces & Flails
  4653 | D:6      | Reached skill level 5 in Shields
  5079 | D:6      | Reached XP level 9. HP: 74/74 MP: 9/9
  5235 | D:6      | Found a blossoming altar of Fedhas.
  5700 | D:7      | Reached skill level 1 in Invocations
  5713 | D:7      | Reached skill level 9 in Maces & Flails
  5717 | D:7      | Paralysed by a hornet for 1 turns
  5770 | D:7      | Reached * piety under Hepliaklqana
  5850 | D:7      | Noticed Menkaure
  5856 | D:7      | Killed Menkaure
  5936 | D:7      | Reached skill level 10 in Maces & Flails
  5938 | D:7      | Found Vuhaurya's Distillery.
  5980 | D:7      | Bought a potion of heal wounds for 75 gold pieces
  5980 | D:7      | Bought a potion of might for 60 gold pieces
  6070 | D:7      | Found Peryfiof's Armour Shoppe.
  6198 | D:7      | Found Xifiasag's Armour Boutique.
  6284 | D:7      | Found Rahoro's Antique Armour Shoppe.
  6522 | D:7      | Found a shimmering altar of Xom.
  6987 | D:8      | Found a snail-covered altar of Cheibriados.
  6994 | D:8      | Noticed Joseph
  7023 | D:8      | Killed Joseph
  7024 | D:8      | Reached skill level 11 in Maces & Flails
  7024 | D:8      | Reached XP level 10. HP: 25/72 MP: 12/12
  7274 | D:8      | Reached skill level 1 in Dodging
  7316 | D:8      | Slain by a wight

Illustrated notes

Levels and vault maps discovered:
D:1:      minmay_arrival_semitransparent, layout_loops_ring, serial_shops, shop,
          patterned_corridor
D:2:      layout_rooms
D:3:      layout_loops_cross, uniq_grinder
D:4:      layout_gridville
D:5:      layout_loops_ring
D:6:      layout_basic, fedhas_altar_fruit_tree, minmay_temple_entry_statues,
          enter_ossuary_5, chequers_serial_rivers_small_b,
          kennysheep_small_spiral, roadster_capsule_ark_zombie
D:7:      layout_layer_cave, overflow_temple_1_default, serial_shops, shop,
          shop, nicolae_inconvenience_store, kennysheep_mini,
          minmay_alternating_orb, uniq_menkaure
D:8:      layout_cave_pods, mainiacjoe_overflow_concentric_impassable,
          nicolae_overflow_hidden_temple, serial_shops,
          nicolae_shop_back_alley_shop, kennysheep_generic_room_11, uniq_joseph
Temple:   nicolae_temple_x_marks_the_god

Skill      XL: |  1  2  3  4  5  6  7  8  9 10 |
---------------+-------------------------------+-----
Maces & Flails | 2 3 5 7 8 11 | 11.2
Fighting       | 3 4 5 |  5.0
Armour         | 4 6 7 |  7.0
Shields        | 4 5 |  5.0
Invocations    | 3 |  3.1
Dodging        | 1 |  1.3

Action                     |  1- 3 |  4- 6 |  7- 9 | 10-12 || total
---------------------------+-------+-------+-------+-------++-------
  Melee: Flail             |   108 |    67 |   327 |    20 ||   522
         Tailslap          |    14 |     8 |    59 |     5 ||    86
         Unarmed           |       |       |     8 |       ||     8
  Throw: Dart              |       |       |     4 |       ||     4
 Invoke: Ancestor Identity |       |       |     1 |       ||     1
    Use: Scroll            |     5 |     5 |    10 |       ||    20
         Potion            |       |     1 |     6 |       ||     7
 Armour: Scale mail        |    63 |    50 |   210 |       ||   323
         Chain mail        |       |       |   114 |    30 ||   144
         Skin              |       |       |     7 |       ||     7
  Dodge: Dodged            |    33 |    12 |   102 |     8 ||   155
  Block: Buckler           |    26 |     6 |    97 |     9 ||   138

Table legend: (Time is in decaauts)
 A = Elapsed time spent in this place.
 B = Non-inter-level travel time spent in this place.
 C = Inter-level travel time spent in this place.
 D = Time resting spent in this place.
 E = Time spent auto-exploring this place.
 F = Levels seen in this place.
 G = Mean time per level.
                   A        B        C        D        E       F      G
               +--------+--------+--------+--------+--------+-----+--------+
         Total |   7337 |   7128 |    209 |   1528 |   4308 |  10 |  733.7 |
       Dungeon |   6781 |   6578 |    203 |   1125 |   4283 |   8 |  847.6 |
        Temple |     12 |      6 |      6 |      0 |      0 |   1 |   12.0 |
       Ossuary |    543 |    543 |      0 |    403 |     25 |   1 |  543.0 |
               +--------+--------+--------+--------+--------+-----+--------+

Top non-repeatable levels by time:
     D:6: 1469 daAuts
     D:7: 1326 daAuts
     D:3: 882 daAuts
     D:5: 760 daAuts
     D:1: 752 daAuts
     D:4: 720 daAuts
 Ossuary: 543 daAuts
     D:2: 539 daAuts
     D:8: 331 daAuts
  Temple: 12 daAuts
